cohdb
Replays
Latest Replays
All Replays
Popular Replays
Top Player Replays
Match Explorer
How It Works
Community
CoH3 Stats
Reddit
Sign in to upload your games and track your stats! →
Sign in with Steam
Match 45200476
Unlisted
Match 45200476
Overview
Messages
Build Orders
End
Royal Engineer Section
Construct Section Command Post
Selects Indian Artillery Battlegroup
Dingo Light Scout Car
Infantry Section
ML 3-inch Mortar Team
Construct Field Infirmary
Construct Platoon Command Post
Selects Artillery Saturation
Unlock M3 Stuart Light Tanks
Infantry Section
Wappaw_Red
Dumpster Bob
PlammX
Idiotic Pig
CPU -- Easy
魂归来兮
小学猫
Beairix schwire
0
0
Comments
sign in to comment!
No comments posted yet!